 Dungeon Crawl Stone Soup version 0.24-a0-335-g06ca16a (webtiles) character file.

Game seed: 7764428375522532938

763 mhoghedin the Skirmisher (level 7, -3/59 HPs)
             Began as a Mummy Fighter on May 19, 2019.
             Slain by a centaur (7 damage)
             ... on level 6 of the Dungeon.
             The game lasted 00:06:14 (4347 turns).

mhoghedin the Skirmisher (Mummy Fighter)            Turns: 4347, Time: 00:06:15

Health: -3/59      AC: 11    Str: 21    XL:     7   Next: 51%
Magic:  7/7        EV:  5    Int:  8    God:
Gold:   273        SH:  9    Dex: 11    Spells: 6/6 levels left

rFire    x . .     SeeInvis .   a - +2 short sword (vamp) {!w}
rCold    + + .     Gourm    .   c - +0 shield
rNeg     + + +     Faith    .   p - +0 chain mail {rC+}
rPois    ∞         Spirit   .   g - +0 helmet
rElec    .         Reflect  .   (no cloak)
rCorr    .         Harm     .   (no gloves)
MR       .....                  e - +0 pair of boots
Stlth    ..........             (no amulet)
HPRegen  0.19/turn              (no ring)
MPRegen  0.10/turn              (no ring)

@: no status effects
A: no food or potions, fire vulnerability, cold resistance 1, negative energy
resistance 3, torment resistance, unbreathing
a: no special abilities


You were on level 6 of the Dungeon.
You were not hungry.

You visited 1 branch of the dungeon, and saw 6 of its levels.

You collected 273 gold pieces.

Inventory:

Hand Weapons
 a - a +2 vampiric short sword (weapon) {!w}
   (You took it off a kobold on level 3 of the Dungeon)
 b - a +0 short sword of venom
   (You took it off an orc on level 5 of the Dungeon)
 j - a +0 rapier
Armour
 c - a +0 shield (worn)
 e - a +0 pair of boots (worn)
   (You found it on level 1 of the Dungeon)
 g - a +0 helmet (worn)
   (You took it off Robin on level 1 of the Dungeon)
 p - a +0 chain mail of cold resistance (worn)
   (You found it on level 5 of the Dungeon)
Scrolls
 d - 2 scrolls of identify
 f - a scroll of enchant weapon
 h - a scroll of teleportation
 i - 2 scrolls of enchant armour
 k - a scroll of fear
 n - a scroll of blinking {!r}


   Skills:
 + Level 6.6 Fighting
 + Level 5.1 Short Blades
 - Level 2.4 Armour
 - Level 2.4 Shields


You had 6 spell levels left.
You didn't know any spells.
Your spell library was empty.

Dungeon Overview and Level Annotations

Branches:
Dungeon (6/15)
 Temple: D:4-7

Altars:

Annotations:
D:3 1 exclusion


Innate Abilities, Weirdness & Mutations

You do not eat or drink.
Your flesh is vulnerable to fire.
You are immune to poison.
Your flesh is cold resistant. (rC+)
You are immune to negative energy. (rN+++)
You are immune to unholy pain and torment.
You can survive without breathing.


Message History

A shadow imp comes into view.
The shadow imp shouts, "Despair, thou bawdy straight-laced wormtrail!"
The shadow imp hits you but does no damage.
You hit the shadow imp.
The shadow imp hits you but does no damage.
You closely miss the shadow imp.
The shadow imp hits you but does no damage.
You closely miss the shadow imp. The shadow imp hits you.
You take 1 damage, and have 58/59 hp.
You closely miss the shadow imp.
The shadow imp hits you but does no damage.
Your shield prevents you from hitting the shadow imp.
You block the shadow imp's attack.
You hit the shadow imp.
The shadow imp hits you but does no damage.
You completely miss the shadow imp. You block the shadow imp's attack.
You closely miss the shadow imp. The shadow imp hits you.
You hit the shadow imp.
You kill the shadow imp!
No target in view!
No target in view!
No target in view!
No target in view!
No target in view!
You see here 16 stones.
An adder skeleton comes into view.
You see here a short sword.
Health restored: 59 An adder skeleton is nearby!
Found a stone staircase leading down.
The adder skeleton bites you.
You take 2 damage, and have 57/59 hp.
You puncture the adder skeleton!
The adder skeleton bites you but does no damage.
You hit the adder skeleton. The adder skeleton bites you.
You hit the adder skeleton.
You destroy the adder skeleton!
No target in view!
You take 1 damage, and have 56/59 hp.
No target in view!
No target in view!
No target in view!
No target in view!
No target in view!
No target in view!
No target in view!
No target in view!
No target in view!
No target in view!
No target in view!
Found a stone staircase leading up.
A centaur comes into view.
The centaur shouts!
A bullfrog comes into view.
The centaur wields a +0 shortbow.
The centaur shoots an arrow.
You block the arrow.
You see here an arrow.
A centaur comes into view.
The bullfrog croaks.
The centaur shoots an arrow.
The arrow hits you!
The centaur wields a +0 shortbow.
The centaur shoots an arrow.
The arrow hits you!
You see here 2 arrows.
You take 21 damage, and have 36/59 hp.
MASSIVE DAMAGE!!
You see here an arrow.
The centaur shoots an arrow.
You block the arrow.
You see here an arrow.
The centaur shoots an arrow.
You block the arrow.
You see here an arrow.
The centaur unwields a +0 shortbow.
The centaur hits you but does no damage.
Your shield and chain mail prevent you from hitting the centaur.
The centaur shoots an arrow.
The arrow hits you.
The bullfrog hits you but does no damage.
You take 5 damage, and have 32/59 hp.
The centaur hits you.
The centaur unwields a +0 shortbow.
The centaur completely misses you.
The bullfrog hits you but does no damage.
The centaur hits you but does no damage.
The bullfrog hits you. The centaur hits you.
You see here an arrow.
You take 8 damage, and have 24/59 hp.
You puncture the centaur!
The centaur hits you but does no damage.
The centaur hits you.
The bullfrog hits you but does no damage.
You take 1 damage, and have 23/59 hp.
You hit the centaur but do no damage. The centaur hits you!
* * * LOW HITPOINT WARNING * * *
The bullfrog hits you.
* * * LOW HITPOINT WARNING * * *
You block the centaur's attack.
The centaur hits you but does no damage.
You take 12 damage, and have 11/59 hp.
MASSIVE DAMAGE!!
Your shield and chain mail prevent you from hitting the centaur.
The bullfrog barely misses you. The centaur hits you!
* * * LOW HITPOINT WARNING * * *
The centaur hits you!
You die...

#..........##.#.# #. #.#
#####.##.#.# #. #.#
#..........# #. ######.#
#.###.##...###.
.......####.#
#.##....... #..)....#
#.###..###.
#..########.# #..##..
#...Fc......###..##..
#....#.@((..........##..
#.##.#c####.###.##..##..
# #.#(# # ##.##..
#.<......# #.# .
#...>c...# #.#
#.......## ..........
##.......### ........#


You could see a bullfrog and 2 centaurs.

Vanquished Creatures
  An ice beast (D:5)
  An ogre (D:5)
  A crimson imp (D:5)
  A centaur zombie (D:5)
  2 orc priests
  A jelly (D:5)
  An orc wizard (D:5)
  2 hounds
  4 worker ants
  Robin (D:1)
  3 gnolls (D:5)
  A howler monkey skeleton (D:4)
  3 adders
  4 shadow imps
  An adder skeleton (D:6)
  3 worms
  4 dart slugs
  3 leopard geckos
  13 orcs
  4 bats
  4 giant cockroaches
  8 hobgoblins
  8 jackals
  9 kobolds
  2 quokkas (D:4)
  A ball python (D:1)
  3 frilled lizards
  21 goblins
  A leopard gecko zombie (D:5)
  A quokka skeleton (D:5)
  11 rats
123 creatures vanquished.

Notes
Turn   | Place    | Note
-------+----------+-------------------------------------------
     0 | D:1      | mhoghedin the Mummy Fighter began the quest for the Orb.
     0 | D:1      | Reached XP level 1. HP: 18/18 MP: 1/1
    16 | D:1      | Noticed a minotaur skeleton
   128 | D:1      | Reached XP level 2. HP: 21/24 MP: 2/2
   140 | D:1      | Reached skill level 2 in Short Blades
   952 | D:2      | Reached XP level 3. HP: 23/30 MP: 3/3
  1040 | D:2      | Noticed Robin
  1377 | D:1      | HP: 5/30 [hobgoblin/+0 club[Robin] (5)]
  1382 | D:1      | HP: 4/30 [hobgoblin/+0 club[Robin] (2)]
  1413 | D:1      | HP: 4/30 [Robin/+0 short sword (3)]
  1414 | D:1      | Killed Robin
  1414 | D:1      | Reached skill level 4 in Fighting
  1822 | D:2      | Reached XP level 4. HP: 37/37 MP: 4/4
  2179 | D:2      | You fall through a shaft!
  2189 | D:3      | Reached skill level 3 in Short Blades
  2252 | D:3      | Reached XP level 5. HP: 42/43 MP: 5/5
  3083 | D:4      | Reached skill level 5 in Fighting
  3193 | D:4      | Reached XP level 6. HP: 51/51 MP: 6/6
  3223 | D:4      | Reached skill level 4 in Short Blades
  3266 | D:5      | Entered Level 5 of the Dungeon
  3513 | D:5      | Reached skill level 6 in Fighting
  3535 | D:5      | Reached XP level 7. HP: 40/58 MP: 7/7
  3981 | D:5      | Reached skill level 5 in Short Blades
  4346 | D:6      | HP: 11/59 [bullfrog (5)]
  4347 | D:6      | HP: 4/59 [centaur (7)]
  4347 | D:6      | Slain by a centaur

Levels and vault maps discovered:
D:1:      shiori_arrival_whats_in_store_for_you, layout_basic, hex_tiny,
          chequers_serial_rivers_large_b
D:2:      minmay_door_path, layout_loops_ring, uniq_robin
D:3:      layout_rooms, tgw_sif, minmay_liquid_box
D:4:      layout_loops_cross, first_ration, minmay_circle_x
D:5:      layout_rooms, st_stairs_8
D:6:      layout_loops_ring

Skill      XL: |  1  2  3  4  5  6  7 |
---------------+----------------------+-----
Short Blades   | 2 3 4 5 |  5.1
Fighting       | 4 5 6 |  6.6
Armour         | |  2.4
Shields        | |  2.4

Action                   |  1- 3 |  4- 6 |  7- 9 || total
-------------------------+-------+-------+-------++-------
Melee: Rapier            |   128 |    39 |       ||   167
       Short sword       |       |   271 |   110 ||   381
  Use: Scroll            |       |       |     7 ||     7
Armor: Scale mail        |    54 |   191 |    36 ||   281
       Chain mail        |       |       |    13 ||    13
Dodge: Dodged            |    49 |   110 |    18 ||   177
Block: Shield            |    64 |   165 |    33 ||   262

Table legend:
 A = Non-vault XP
 B = Vault XP
 C = Vault XP percentage of total XP
 D = Non-vault monster count
 E = Vault monster count
 F = Vault count percentage of total count
                 A         B        C        D         E       F
            +---------+---------+-------+---------+---------+-------
      Total |     893 |     198 |  18.1 |     103 |      20 |  16.3
            +---------+---------+-------+---------+---------+-------
        D:1 |      38 |      33 |  46.5 |      21 |      10 |  32.3
        D:2 |      45 |      10 |  18.2 |      14 |       5 |  26.3
        D:3 |     126 |       0 |   0.0 |      23 |       0 |   0.0
        D:4 |     162 |      23 |  12.4 |      16 |       4 |  20.0
        D:5 |     502 |     132 |  20.8 |      26 |       1 |   3.7
        D:6 |      20 |       0 |   0.0 |       3 |       0 |   0.0
            +---------+---------+-------+---------+---------+-------

Levels and vault maps discovered:
D:1:      shiori_arrival_whats_in_store_for_you, layout_basic, hex_tiny,
          chequers_serial_rivers_large_b
D:2:      minmay_door_path, layout_loops_ring, uniq_robin
D:3:      layout_rooms, tgw_sif, minmay_liquid_box
D:4:      layout_loops_cross, first_ration, minmay_circle_x
D:5:      layout_rooms, st_stairs_8
D:6:      layout_loops_ring

Table legend:
 A = Turns spent in this place as a percentage of turns spent in the entire game.
 B = Non-inter-level travel turns spent in this place as a percentage of non-inter-level travel turns spent in the entire game.
 C = Inter-level travel turns spent in this place as a percentage of turns spent in this place.
 D = Turns resting spent in this place as a percentage of non-inter-level travel turns spent in this place.
 E = Turns spent auto-exploring this place as a percentage of non-inter-level travel turns spent in this place.
 F = Non-inter-level travel turns spent in this place divided by the number of levels of this place that you've seen.
                   A       B       C       D       E      F
               +-------+-------+-------+-------+-------+----------------------
         Total | 100.0 | 100.0 |   3.5 |  23.3 |  54.1 | 699.5
       Dungeon | 100.0 | 100.0 |   3.5 |  23.3 |  54.1 | 699.5
               +-------+-------+-------+-------+-------+----------------------

Table legend:
 A = Kills in this place as a percentage of kills in entire the game.
 B = Kills by you in this place as a percentage of kills by you in the entire game.
 C = Kills by friends in this place as a percentage of kills by friends in the entire game.
 D = Other kills in this place as a percentage of other kills in the entire game.
 E = Experience gained in this place as a percentage of experience gained in the entire game.
 F = Experience gained in this place divided by the number of levels of this place that you have seen.
                   A       B       C       D       E      F
               +-------+-------+-------+-------+-------+----------------------
         Total | 100.0 | 100.0 |   N/A |   N/A | 100.0 | 181.8
       Dungeon | 100.0 | 100.0 |   N/A |   N/A | 100.0 | 181.8
               +-------+-------+-------+-------+-------+----------------------
